 Dungeon Crawl Stone Soup version 0.30.0 (webtiles) character file.

Game seed: 12330490762047176160

12016 apoch the Cleaver (level 11, -2/148 HPs)
             Began as a Minotaur Fighter on May 6, 2023.
             Was a High Priest of Okawaru.
             Slain by a skyshark (4 damage)
             ... on level 2 of the Lair of Beasts.
             The game lasted 00:23:39 (13584 turns).

apoch the Cleaver (Minotaur Fighter)               Turns: 13584, Time: 00:23:39

Health: -2/148     AC: 25    Str: 29    XL:     11   Next: 56%
Magic:  17/17      EV:  2    Int:  5    God:    Okawaru [*****.]
Gold:   809        SH:  6    Dex: 12    Spells: 10/10 levels left

rFire   . . .        a - +7 broad axe (elec)
rCold   + . .        c - +0 buckler
rNeg    . . .        p - melded +1 chain mail
rPois   +            t - melded +0 hat {Int+3}
rElec   .            (cloak currently unavailable)
rCorr   .            (gloves currently unavailable)
SInv    +            (boots currently unavailable)
Will    .....        (no amulet)
Stlth   +            o - +6 ring of strength
HPRegen 0.44/turn    H - ring of Broken Luck {rC+ SInv}
MPRegen 0.15/turn

%: no passive effects
@: tree-form
A: stationary, stasis, torment immunity, boosted hp, (horns 2), (retaliatory
headbutt)
a: Renounce Religion, Heroism, Finesse, Duel


You were on level 2 of the Lair of Beasts.
You worshipped Okawaru.
Okawaru was extremely pleased with you.
You were a tree.
You visited 3 branches of the dungeon, and saw 13 of its levels.
You also visited: Bailey.

You collected 809 gold pieces.

Inventory:

Hand Weapons
 a - a +7 broad axe of electrocution (weapon)
 b - a +4 morningstar
 g - the +6 executioner's axe "Radwoo Kiro" {freeze, rPois Stlth+}
   (Okawaru gifted it to you on level 10 of the Dungeon)

   rPois:     It protects you from poison.
   Stlth:     It makes you more stealthy.
 L - a +0 broad axe
Missiles
 u - 3 curare-tipped darts
 w - 12 boomerangs
 x - 2 datura-tipped darts
 B - 22 poisoned darts
 I - 5 stones (quivered)
 O - 7 javelins
 P - 3 silver boomerangs
Armour
 c - a +0 buckler (worn)
 p - a +1 chain mail (melded)
 t - a +0 hat of intelligence (melded)
Jewellery
 o - a +6 ring of strength (left branch)
 H - the ring of Broken Luck (right branch) {rC+ SInv}
   (You acquired it on level 10 of the Dungeon)

   [ring of see invisible]

   rC:        It protects you from cold.
   SInv:      It lets you see invisible.
Wands
 e - a wand of charming (3)
 N - a wand of roots (6)
Scrolls
 f - 3 scrolls of silence
 j - 6 scrolls of blinking
 m - 4 scrolls of fog
 r - a scroll of vulnerability
 y - 3 scrolls of teleportation
 z - 3 scrolls of fear
 A - a scroll of enchant armour
 C - a scroll of immolation
 K - a scroll of poison
Potions
 d - 3 potions of might
 h - 3 potions of mutation
 i - 7 potions of ambrosia
 k - 4 potions of attraction
 l - a potion of berserk rage
 n - 2 potions of lignification
 q - 6 potions of curing
 s - 2 potions of cancellation {unknown}
 v - 4 potions of heal wounds {unknown}
 D - 2 potions of haste {unknown}
 E - 2 potions of flight {unknown}
 F - 2 potions of invisibility {unknown}
 G - a potion of magic {unknown}
 J - 2 potions of resistance {unknown}
 M - a potion of brilliance {unknown}


   Skills:
 - Level 10.0 Fighting
 - Level 10.0 Axes
 - Level 10.0 Armour
 + Level 3.8 Dodging
 + Level 9.4 Shields
 - Level 10.0 Invocations


You had 10 spell levels left.
You didn't know any spells.
Your spell library contained the following spells:

 Spells                   Type           Power      Damage    Failure   Level
 Apportation              Tloc           0%         N/A       52%         1
 Kiss of Death            Conj/Necr      0%         2d5       52%         1
 Magic Dart               Conj           0%         1d3       52%         1
 Shock                    Conj/Air       0%         1d3       52%         1
 Cigotuvi's Dreadful Rot  Necr/Pois/Air  0%         N/A       65%         2
 Ensorcelled Hibernation  Hex/Ice        0%         N/A       65%         2
 Lesser Beckoning         Tloc           0%         N/A       65%         2
 Passwall                 Tmut/Erth      0%         N/A       65%         2
 Poisonous Vapours        Pois/Air       0%         N/A       65%         2
 Searing Ray              Conj           0%         2d4       65%         2
 Confusing Touch          Hex            0%         N/A       87%         3
 Hailstorm                Conj/Ice       0%         3d3       87%         3
 Ignite Poison            Fire/Tmut/Pois 0%         N/A       87%         3
 Mephitic Cloud           Conj/Pois/Air  0%         N/A       87%         3
 Spider Form              Tmut/Pois      0%         N/A       87%         3
 Swiftness                Air            0%         N/A       87%         3
 Airstrike                Air            0%         2d(0-16)  99%         4
 Anguish                  Hex/Necr       0%         N/A       99%         4
 Dispel Undead            Necr           0%         3d6       99%         4
 Fulminant Prism          Conj/Hex       0%         3d5       99%         4
 Leda's Liquefaction      Hex/Erth       0%         N/A       99%         4
 Fireball                 Conj/Fire      0%         3d3       100%        5
 Freezing Cloud           Conj/Ice/Air   0%         6-21      100%        5
 Starburst                Conj/Fire      0%         6d3       100%        6
 Disjunction              Tloc           0%         N/A       100%        8
 Animate Dead             Necr           Unusable   N/A       N/A         4

Dungeon Overview and Level Annotations

Branches:
Dungeon (10/15)            Temple (1/1) D:5            Lair (2/5) D:9
  Swamp (0/4) Lair:2       Spider (0/4) Lair:2       Bailey (visited)
    Orc: D:9-12

Altars:
Ashenzari
Cheibriados
Dithmenos
Elyvilon
Fedhas
Gozag
Hepliaklqana
Kikubaaqudgha
Makhleb
Nemelex Xobeh
Okawaru
Qazlal
Ru
Sif Muna
Trog
Uskayaw
Vehumet
Wu Jian
Xom
Yredelemnul
Zin
The Shining One

Shops:
D:4 !

Annotations:
D:9 2 transporters


Innate Abilities, Weirdness & Mutations

You are a tree.
Your roots penetrate the ground, keeping you stationary.
You cannot be teleported.
You are immune to unholy pain and torment.
Your maximum health is greatly increased.
Your equipment is partially melded.
((You have a pair of horns on your head.))
((You reflexively headbutt those who attack you in melee.))


Message History

You headbutt the skyshark, but do no damage.
The skyshark is heavily wounded.
You slash the skyshark! The skyshark bites you!
The skyshark tastes blood and grows stronger!
You block the skyshark's attack.
The skyshark tail-slaps you but does no damage.
The skyshark bites you but does no damage.
The skyshark tail-slaps you but does no damage.
The skyshark tail-slaps you!
You slice the skyshark!!
The skyshark is almost dead.
You hit the skyshark but do no damage. The skyshark bites you!
The skyshark enters a blood-rage!
The skyshark closely misses you. The skyshark tail-slaps you.
The skyshark bites you!
The skyshark tastes blood and grows stronger!
The skyshark tail-slaps you. The skyshark barely misses you. x2
The skyshark tail-slaps you! x2
* * * LOW HITPOINT WARNING * * *
You slash the skyshark!
The skyshark is almost dead.
You barely miss the skyshark. The skyshark barely misses you.
You block the skyshark's attack. The skyshark tail-slaps you!
* * * LOW HITPOINT WARNING * * *
The skyshark bites you.
* * * LOW HITPOINT WARNING * * *
The skyshark tail-slaps you.
* * * LOW HITPOINT WARNING * * *
The skyshark barely misses you. The skyshark closely misses you.
You furiously retaliate!
You headbutt the skyshark! The skyshark closely misses you.
The skyshark tail-slaps you but does no damage.
Unknown command.
It was a potion of lignification.
You turn into a tree.
Your +0 hat of intelligence melds into your body.
Your +1 chain mail melds into your body.
You feel stupid.
Your roots penetrate the ground.
The skyshark bites you.
* * * LOW HITPOINT WARNING * * *
The skyshark tail-slaps you.
You die...

...#####..........#...#...#.##.<.
^.## ......#..P###..>.......... .
..# ..........##..≈≈≈.........
..# ?.........P#..≈≈≈..........
.. ..............≈≈§.......... ..
...#..##†#P................ ..
.......<.........PPP#..... ..
.....§#................... ..
....#≈#....♣l............ ..
....##P.....l.#...... P.
#.#...............#. ..
.P....#######..... .. .....P
..... ^. .#P.# .... .. #. ... ..
... ..


You could see 2 skysharks.

Vanquished Creatures
  Gastronok (D:7)
  An orc warlord (Bailey)
  Urug (D:10)
  3 cane toads (Lair:1)
  A rime drake (Lair:1)
  2 trolls
  7 yaks
  A wyvern (D:9)
  2 basilisks
  2 fire bats (Lair:2)
  A wraith (D:10)
  A redback (Lair:2)
  Grum (D:10)
  The ghost of safid the Chiller, an amateur MfIE (D:4)
  A steam dragon (D:7)
  An acid dragon (D:9)
  3 water moccasins
  2 ice beasts
  2 black bears
  3 ogres
  14 orc warriors
  A sky beast (D:8)
  A swamp drake (Lair:2)
  3 wolves (D:10)
  2 centaurs
  5 kobold brigands
  10 bullfrogs
  5 wights (D:8)
  12 killer bees
  2 howler monkeys (D:5)
  A jelly (D:7)
  5 hounds
  2 orc priests
  A gnoll bouda (D:7)
  A sleepcap (D:7)
  Terence (D:2)
  9 orc wizards
  4 iguanas
  Robin (D:2)
  14 gnolls
  6 adders
  A shadow imp (D:5)
  2 white imps
  A worm (D:3)
  3 dart slugs
  41 orcs
  12 ball pythons
  7 bats
  8 endoplasms
  6 giant cockroaches
  24 goblins
  18 hobgoblins
  7 jackals
  27 kobolds
  A quokka (D:4)
  4 frilled lizards
  5 rats
304 creatures vanquished.

Vanquished Creatures (others)
  2 iguanas (Lair:2)
  9 fungi
  15 plants
26 creatures vanquished.

Grand Total: 330 creatures vanquished

Notes
Turn   | Place    | Note
-------+----------+-------------------------------------------
     0 | D:1      | apoch the Minotaur Fighter began the quest for the Orb.
     0 | D:1      | Reached XP level 1. HP: 19/19 MP: 0/0
   207 | D:1      | Reached XP level 2. HP: 19/26 MP: 1/1
  1041 | D:2      | Reached XP level 3. HP: 31/31 MP: 2/2
  1217 | D:2      | Noticed Robin
  1223 | D:2      | Noticed Terence
  1243 | D:2      | Killed Robin
  1244 | D:2      | Reached skill level 5 in Axes
  1249 | D:2      | Killed Terence
  1250 | D:2      | Reached XP level 4. HP: 24/39 MP: 3/3
  2290 | D:3      | Reached XP level 5. HP: 44/45 MP: 4/4
  2901 | D:4      | Found Gana Miutzi's Distillery.
  3189 | D:4      | Found a transporter.
  3189 | D:4      | Noticed an ogre
  3189 | D:4      | Noticed safid's ghost (amateur MfIE)
  3192 | D:4      | Noticed an ogre
  3845 | D:5      | Entered Level 5 of the Dungeon
  3871 | D:5      | Reached XP level 6. HP: 51/51 MP: 5/5
  3972 | D:5      | Noticed an ice beast
  3983 | D:5      | Killed an ice beast
  3984 | D:5      | Reached XP level 7. HP: 34/57 MP: 6/6
  4089 | D:5      | Found a staircase to the Ecumenical Temple.
  4100 | Temple   | Entered the Ecumenical Temple
  4164 | Temple   | Became a worshipper of Warmaster Okawaru
  4844 | D:6      | Reached skill level 1 in Invocations
  4947 | D:6      | Reached skill level 10 in Axes
  4950 | D:6      | Reached * piety under Okawaru
  4951 | D:6      | Reached skill level 5 in Fighting
  5243 | D:6      | Reached XP level 8. HP: 69/69 MP: 8/8
  6700 | D:6      | Identified a scroll of acquirement
  6700 | D:6      | Acquired a +2 broad axe of electrocution
  6909 | D:7      | Reached ** piety under Okawaru
  7025 | D:7      | Got Sif Muna's Guidebook on Topological Unholy Spells
  7662 | D:7      | Found a glowing silver altar of Zin.
  7720 | D:7      | Reached XP level 9. HP: 60/83 MP: 11/11
  7890 | D:8      | Reached *** piety under Okawaru
  7975 | D:8      | Reached skill level 5 in Invocations
  8080 | D:8      | Noticed Gastronok
  8137 | D:7      | Killed Gastronok
  8137 | D:7      | Reached **** piety under Okawaru
  8138 | D:7      | Reached skill level 10 in Fighting
  8429 | D:8      | Identified the staff of death "Ybluf" {rN+ Will++ rCorr
                  | Str-3 Int+2}
  8565 | D:8      | Reached XP level 10. HP: 70/93 MP: 13/13
  8918 | D:9      | Reached ***** piety under Okawaru
  8995 | D:9      | Found a transporter.
  9022 | D:9      | Found a transporter.
  9024 | D:9      | Found a transporter.
  9095 | D:9      | Found a transporter.
  9289 | D:4      | Found a transporter.
  9298 | D:4      | Killed safid's ghost
  9591 | D:9      | Reached skill level 10 in Armour
  9784 | D:9      | Found a staircase to the Lair.
 10382 | D:10     | Entered Level 10 of the Dungeon
 10426 | D:10     | Identified the +2 hand axe of Zin's Wrath {venom, rC+
                  | Dex+3}
 10464 | D:10     | Found a flagged portal.
 10473 | Bailey   | Entered a bailey
 10486 | Bailey   | Reached skill level 5 in Shields
 10642 | Bailey   | Noticed an orc warlord
 10654 | Bailey   | Killed an orc warlord
 10654 | Bailey   | Received a gift from Okawaru
 10922 | Bailey   | Identified the staff of conjuration "Nifeu" {Str+3}
 10989 | D:10     | Noticed Grum
 11002 | D:10     | Killed Grum
 11003 | D:10     | Reached XP level 11. HP: 46/99 MP: 16/16
 11184 | D:10     | Acquired the ring of Broken Luck {rC+ SInv}
 11319 | D:10     | Found a sacrificial altar of Ru.
 11321 | D:10     | Found an ancient bone altar of Kikubaaqudgha.
 11321 | D:10     | Found a snail-covered altar of Cheibriados.
 11323 | D:10     | Found a shimmering altar of Xom.
 11323 | D:10     | Found an iron altar of Okawaru.
 11323 | D:10     | Found a shimmering altar of Xom.
 11399 | D:10     | Identified the +6 executioner's axe "Radwoo Kiro" {freeze,
                  | rPois Stlth+} (Okawaru gifted it to you on level 10 of the
                  | Dungeon)
 11399 | D:10     | Received a gift from Okawaru
 11822 | D:10     | Noticed Urug
 11833 | D:10     | Killed Urug
 11880 | D:10     | Got Gyagraw's Meditations on the Lethal Plateau
 11960 | Lair:1   | Entered Level 1 of the Lair of Beasts
 11984 | Lair:1   | You fall into a shaft and drop 1 floor!
 11984 | Lair:2   | Found a hole to the Spider Nest.
 12010 | Lair:2   | Found a staircase to the Swamp.
 12395 | Lair:1   | Reached skill level 10 in Invocations
 12549 | Lair:1   | Reached skill level 1 in Dodging
 13532 | Lair:2   | Received a gift from Okawaru
 13575 | Lair:2   | Noticed a skyshark
 13576 | Lair:2   | Noticed a skyshark
 13584 | Lair:2   | HP: 2/148 [skyshark (6)]
 13584 | Lair:2   | Slain by a skyshark

Illustrated notes

Levels and vault maps discovered:
D:1:      evilmike_arrival_rings, layout_basic
D:2:      layout_basic, dk_noncrumbling_3, hex_intersection,
          serial_park_tiny_pond, uniq_terence, uniq_robin
D:3:      layout_basic, corexii_shack
D:4:      nicolae_cairo_tiling_large_dashed, layout_cave_pods, serial_shops,
          shop, gammafunk_ghost_smash, minmay_misc_feat_encased,
          nicolae_concentric_dashed_squares_mild, kennysheep_potato
D:5:      layout_basic, minmay_temple_entry_stoned_glass
D:6:      layout_layer_cave
D:7:      layout_cave_pods, general_overflow_altar, serial_bayou_pond_c,
          eino_jars
D:8:      layout_cave_pools, minmay_checkerbox, uniq_gastronok
D:9:      layout_stronghold, david_lair_generic, nicolae_diode_intersection
D:10:     layout_roguey, doesnt_xom_only_xom, enter_bailey_2, uniq_urug,
          uniq_grum
Temple:   nicolae_temple_bog_church
Lair:1:   layout_loops_ring
Lair:2:   layout_gridlike, minmay_swamp_entry_reptiles, spider_nest_entry_webs,
          tgw_fedhas

Skill      XL: |  1  2  3  4  5  6  7  8  9 10 11 |
---------------+----------------------------------+-----
Axes           | 3 4 5 6 7 9 10 | 10.0
Fighting       | 5 9 10 | 10.0
Invocations    | 2 4 6 8 10 | 10.0
Armour         | 8 10 | 10.0
Shields        | 7 9 |  9.4
Dodging        | 3 |  3.8

Action                     |  1- 3 |  4- 6 |  7- 9 | 10-12 || total
---------------------------+-------+-------+-------+-------++-------
  Melee: War axe           |    77 |   126 |   102 |       ||   305
         Headbutt          |    15 |    16 |    28 |    29 ||    88
         Broad axe         |       |       |    98 |   223 ||   321
  Throw: Stone             |    13 |    30 |    26 |    73 ||   142
         Dart              |       |       |     1 |       ||     1
         Javelin           |       |       |       |     4 ||     4
 Invoke: Heroism           |       |       |       |     3 ||     3
         Finesse           |       |       |       |     2 ||     2
    Use: Scroll            |       |     7 |    13 |     7 ||    27
         Potion            |       |     1 |     1 |     3 ||     5
 Armour: Scale mail        |    30 |       |       |       ||    30
         Chain mail        |       |    58 |    74 |    73 ||   205
  Dodge: Dodged            |    29 |    46 |    71 |    91 ||   237
  Block: Buckler           |    13 |    31 |    25 |    50 ||   119
